 Dungeon Crawl Stone Soup version 0.28.0-53-g5a82cb258f (webtiles) character file.

Game seed: 12020577119370640512

2 infcreate the Vexing (level 1, 0/10 HPs)
             Began as a Vampire Enchanter on July 28, 2022.
             Slain by a giant cockroach (1 damage)
             ... on level 1 of the Dungeon.
             The game lasted 00:00:42 (467 turns).

infcreate the Vexing (Vampire Enchanter)             Turns: 467, Time: 00:00:42

Health: 0/10       AC:  2    Str:  7    XL:     1   Next: 25%
Magic:  3/3        EV: 12    Int: 17    God:
Gold:   16         SH:  0    Dex: 14    Spells: 4/4 levels left

rFire   . . .      SeeInvis +   a - +1 dagger
rCold   + + .      Faith    .   (no shield)
rNeg    + + +      Spirit   .   b - +0 robe
rPois   ∞          Reflect  .   (no helmet)
rElec   .          Harm     .   (no cloak)
rCorr   .          Rampage  .   (no gloves)
Will    .....                   (no boots)
Stlth   +++++.....              (no amulet)
HPRegen 0.00/turn               (no ring)
MPRegen 0.08/turn               (no ring)

@: bloodless, inhibited regen
A: bloodless, fangs 3, see invisible, vampiric 1
a: Revivify


You were on level 1 of the Dungeon.
You visited 1 branch of the dungeon, and saw 1 of its levels.

You collected 16 gold pieces.


Innate Abilities, Weirdness & Mutations

You do not regenerate when monsters are visible.
You are frail without blood (-20% HP).
You can heal yourself when you bite living creatures.
You are immune to poison.
You have razor-sharp teeth.
You have supernaturally acute eyesight. (SInv)
You are afflicted with vampirism.


   Skills:
 + Level 1.1 Short Blades
 + Level 2.2 Dodging
 + Level 4.4 Stealth
 + Level 2.0 Spellcasting
 + Level 4.4 Hexes


You had 4 spell levels left.
You didn't know any spells.
Your spell library contained the following spells:

 Spells                   Type           Power      Damage    Failure   Level
 Confusing Touch          Hex            16%        N/A       10%         3
 Tukima's Dance           Hex            16%        N/A       10%         3
 Ensorcelled Hibernation  Hex/Ice        18%        N/A       12%         2
 Dazzling Flash           Conj/Hex       18%        N/A       24%         3

Inventory:

Hand Weapons
 a - a +1 dagger (weapon)
Armour
 b - a +0 robe (worn)
Scrolls
 d - a scroll of vulnerability {unknown}
 e - a scroll of immolation {unknown}
Potions
 c - a potion of invisibility

Dungeon Overview and Level Annotations

Branches:
Dungeon (1/15)

Altars:

#.# #.# #### ######.#
#.. .......## #.#
##......######.###
##.#.............#
##.##.########.#.#.#
...####<# #.#.#.####
#### #.# #..@.....# #
#.# ##..B....#
#######.## #..>....#
.....'..># #.......##
####.###### #........#
##.......## #........#
##.........####........#
.'.........')......###.#
##(........####.....##.#


You could see a giant cockroach.


Message History

You hit the giant cockroach but do no damage.
The giant cockroach barely misses you.
You hit the giant cockroach but do no damage.
Your bite misses the giant cockroach. The giant cockroach barely misses you.
The giant cockroach completely misses you.
You hit the giant cockroach but do no damage.
The giant cockroach closely misses you.
You hit the giant cockroach but do no damage.
The giant cockroach barely misses you.
You barely miss the giant cockroach.
The giant cockroach bites you but does no damage.
You hit the giant cockroach but do no damage.
The giant cockroach barely misses you.
You barely miss the giant cockroach. The giant cockroach bites you.
* * * LOW HITPOINT WARNING * * *
You completely miss the giant cockroach.
You bite the giant cockroach.
The giant cockroach is moderately wounded.
The giant cockroach bites you but does no damage.
You closely miss the giant cockroach. Your bite misses the giant cockroach.
The giant cockroach is moderately wounded.
The giant cockroach closely misses you.
The giant cockroach bites you but does no damage.
You closely miss the giant cockroach. The giant cockroach bites you.
* * * LOW HITPOINT WARNING * * *
You hit the giant cockroach but do no damage.
The giant cockroach bites you but does no damage.
You hit the giant cockroach but do no damage.
The giant cockroach bites you.
You die...

Action                   || total
-------------------------++-------
Melee: Dagger            ||    20
       Bite              ||     2
 Abil: Exsanguinate      ||     1
 Stab: Sleeping          ||     2
Armor: Robe              ||     4
Dodge: Dodged            ||     8

Levels and vault maps discovered:
D:1:      amcnicky_arrival_choice, layout_loops_corners,
          hellmonk_ecumenical_altar_pennies_from_heaven

Notes
Turn   | Place    | Note
-------+----------+-------------------------------------------
     0 | D:1      | infcreate the Vampire Enchanter began the quest for the
                  | Orb.
     0 | D:1      | Reached XP level 1. HP: 13/13 MP: 3/3
   465 | D:1      | HP: 1/10 [giant cockroach (1)]
   467 | D:1      | Slain by a giant cockroach

Vanquished Creatures
  3 kobolds (D:1)
3 creatures vanquished.

Table legend: (Time is in decaauts)
 A = Elapsed time spent in this place.
 B = Non-inter-level travel time spent in this place.
 C = Inter-level travel time spent in this place.
 D = Time resting spent in this place.
 E = Time spent auto-exploring this place.
 F = Levels seen in this place.
 G = Mean time per level.
                   A        B        C        D        E       F      G
               +--------+--------+--------+--------+--------+-----+--------+
         Total |    466 |    411 |     55 |      0 |    347 |   1 |  466.0 |
       Dungeon |    466 |    411 |     55 |      0 |    347 |   1 |  466.0 |
               +--------+--------+--------+--------+--------+-----+--------+

Top non-repeatable levels by time:
     D:1: 466 daAuts

Table legend:
 A = Non-vault XP
 B = Vault XP
 C = Vault XP percentage of total XP
 D = Non-vault monster count
 E = Vault monster count
 F = Vault count percentage of total count
                 A         B        C        D         E       F
            +---------+---------+-------+---------+---------+-------
      Total |       3 |       0 |   0.0 |       3 |       0 |   0.0
            +---------+---------+-------+---------+---------+-------
        D:1 |       3 |       0 |   0.0 |       3 |       0 |   0.0
            +---------+---------+-------+---------+---------+-------
